 Dungeon Crawl Stone Soup version 0.22-a0-293-gc9362ec (webtiles) character file.

112 Gorice the Slasher (level 4, -1/39 HPs)
             Began as a Minotaur Fighter on Mar 24, 2018.
             Slain by Sigmund
             ... wielding a +0 scythe
              (5 damage)
             ... on level 2 of the Dungeon.
             The game lasted 00:06:45 (1789 turns).

Gorice the Slasher (Minotaur Fighter)               Turns: 1789, Time: 00:06:47

Health: -1/39      AC: 12    Str: 25    XL:     4   Next: 64%
Magic:  3/3        EV:  6    Int: 11    God:
Gold:   28         SH:  9    Dex: 10    Spells: 3/3 levels left

rFire    . . .     SeeInvis .   a - +0 long sword
rCold    . . .     Gourm    .   c - +0 shield
rNeg     . . .     Faith    .   h - +0 chain mail
rPois    +         Spirit   .   (helmet restricted)
rElec    .         Reflect  .   o - +2 cloak {rPois}
rCorr    .         Harm     .   (no gloves)
MR       .....                  (no boots)
Stlth    ..........             (no amulet)
HPRegen  0.13/turn              (no ring)
MPRegen  0.08/turn              (no ring)

@: mighty, brilliant
A: retaliatory headbutt, horns 2
a: no special abilities


You were on level 2 of the Dungeon.
You were not hungry.

You visited 1 branch of the dungeon, and saw 2 of its levels.

You collected 28 gold pieces.

Inventory:

Hand Weapons
 a - a +0 long sword (weapon)
 v - a +0 dagger of venom
   (You took it off a kobold on level 1 of the Dungeon)
Missiles
 g - 17 bolts
 k - 5 tomahawks (quivered)
 Y - 9 stones
Armour
 b - a +0 scale mail
 c - a +0 shield (worn)
 h - a +0 chain mail (worn)
 o - a +2 cloak of poison resistance (worn)
   (You took it off Crazy Yiuf on level 2 of the Dungeon)
Scrolls
 e - 3 scrolls of remove curse {unknown}
 j - 4 scrolls of identify {unknown}
Potions
 l - a potion of curing {unknown}
 m - a potion of flight {unknown}
 n - a potion of brilliance {!q}
Comestibles
 f - 3 rations
 i - 11 chunks of flesh


   Skills:
 - Level 3.6 Fighting
 * Level 5.1 Long Blades
 + Level 4.8 Armour
 - Level 3.6 Shields


You had 3 spell levels left.
You didn't know any spells.

Dungeon Overview and Level Annotations

Branches:
Dungeon (2/15)

Altars:
Fedhas
Gozag
Hepliaklqana
Vehumet

Annotations:
D:2 Sigmund


Innate Abilities, Weirdness & Mutations

You reflexively headbutt those who attack you in melee.
You have a pair of horns on your head.


Message History

No target in view!
Some of the chunks of flesh in your inventory have rotted away.
Sigmund the Dreaded comes into view.
He is wielding a scythe.
Sigmund shouts!
You see here a ration.
Sigmund points at you and mumbles some strange words.
You are confused.
Unknown command.
You see here a ration.
Wield which item (- for none, * to show all)? (? for menu, Esc to quit)
Your +0 dagger of venom begins to drip with poison!
v - a +0 dagger of venom (weapon)
Sigmund hits you from afar with a scythe.
Damage: 6 (max 6)
You bump into the tree.
Sigmund hits you from afar with a scythe!
Damage: 7 (max 7) Sigmund mumbles some strange words.
Sigmund flickers and vanishes!
Deactivating autopickup; reactivate with Ctrl-A.
Something hits you but does no damage.
You're too confused to move!
You feel less confused.
Your chain mail prevents you from hitting something.
You headbutt something! Something hits you!
* * * LOW HITPOINT WARNING * * *
Damage: 9 (max 9)
You closely miss something.
You hear some strange, mumbled words.
You are confused.
It was a potion of brilliance.
You feel clever all of a sudden. Something hits you.
* * * LOW HITPOINT WARNING * * *
Damage: 3 (max 9) Really quaff
d - a potion of might {!q}?
You feel very mighty all of a sudden.
You miss something. Something hits you.
* * * LOW HITPOINT WARNING * * *
Some of the chunks of flesh in your inventory have rotted away.
Damage: 6 (max 9) Wield which item (- for none, * to show all)? (? for menu, Esc to quit)
Your +0 dagger of venom stops dripping with poison.
a - a +0 long sword (weapon)
You bump into the rock wall.
Something hits you but does no damage.
Your shield and chain mail prevent you from hitting something.
You feel less confused. Something hits you but does no damage.
You closely miss something. Your headbutt misses something. Something hits you.
You die...

..#### ..... #### ......
..# #.##.# #.#
...#.###.##
......#...##############
........#.......%......#
#...........#....♣♣.♣♣.#
..#.............@♣
#.#...####.#.###{♣
#.#...## #.#.# #.♣
.......# #.#.# #.♣
###.#..# #.##. ..♣
#.#<.# #.# # ..♣
###.#.)###.####..♣
...#..........#..♣
#.###.####.##.#


There were no monsters in sight!

Vanquished Creatures
  Crazy Yiuf (D:2)
  An adder (D:2)
  An ooze (D:2)
  7 dart slugs
  A giant cockroach (D:2)
  12 goblins
  7 hobgoblins
  6 jackals (D:1)
  A ball python (D:2)
  5 bats
  3 frilled lizards
  4 kobolds
  3 rats (D:2)
52 creatures vanquished.

Notes
Turn   | Place    | Note
-------+----------+-------------------------------------------
     0 | D:1      | Gorice the Minotaur Fighter began the quest for the Orb.
     0 | D:1      | Reached XP level 1. HP: 19/19 MP: 0/0
   131 | D:1      | Reached skill level 3 in Long Blades
   133 | D:1      | Reached XP level 2. HP: 25/26 MP: 1/1
   192 | D:1      | HP: 7/26 [poisoned by a kobold]
   438 | D:1      | Reached skill level 4 in Armour
   635 | D:1      | Reached XP level 3. HP: 29/31 MP: 2/2
   832 | D:1      | Reached skill level 4 in Long Blades
  1222 | D:2      | Found a radiant altar of Vehumet.
  1222 | D:2      | Found a blossoming altar of Fedhas.
  1222 | D:2      | Found a hazy altar of Hepliaklqana.
  1222 | D:2      | Found an opulent altar of Gozag.
  1247 | D:2      | HP: 9/31 [poisoned by an adder]
  1252 | D:1      | HP: 7/31 [poisoned by an adder]
  1258 | D:1      | HP: 5/31 [poisoned by an adder]
  1266 | D:1      | HP: 4/31 [poisoned by an adder]
  1547 | D:2      | Reached XP level 4. HP: 39/39 MP: 3/3
  1686 | D:2      | Found a runed door.
  1691 | D:2      | Noticed Crazy Yiuf
  1699 | D:2      | Killed Crazy Yiuf
  1699 | D:2      | Reached skill level 5 in Long Blades
  1771 | D:2      | Noticed Sigmund
  1783 | D:2      | HP: 9/39 [something (3)]
  1785 | D:2      | HP: 4/39 [something (6)]
  1789 | D:2      | Slain by Sigmund

Vault maps used:
D:1:      eino_arrival_cavern_e
D:2:      chequers_temple_overflow_statue_of_worship, first_ration,
          serial_forest, infiniplex_forest_clump_curved,
          infiniplex_forest_lined_ring, infiniplex_forest_zigzag_1,
          infiniplex_forest_lined_corner, infiniplex_forest_straight_5,
          infiniplex_forest_clump_small, st_stairs_6, serial_bayou_pond_c,
          minmay_tall_x, uniq_crazy_yiuf_cottage, uniq_sigmund

Skill      XL: |  1  2  3  4 |
---------------+-------------+-----
Long Blades    | 3 4 5 |  5.1
Armour         | 4 |  4.8
Fighting       | |  3.6
Shields        | |  3.6

Action                   |  1- 3 |  4- 6 || total
-------------------------+-------+-------++-------
Melee: Long sword        |   106 |    15 ||   121
       Headbutt          |    17 |     6 ||    23
       Dagger            |       |     4 ||     4
Throw: Tomahawk          |       |     2 ||     2
  Use: Potion            |       |     2 ||     2
  Eat: Chunk             |     1 |     2 ||     3
Armor: Chain mail        |    54 |     7 ||    61
       Scale mail        |     3 |       ||     3
Dodge: Dodged            |    19 |     3 ||    22
Block: Shield            |    47 |     4 ||    51
       Rpst.: Long sword |     5 |     2 ||     7

Table legend:
 A = Spawn XP
 B = Non-spawn XP
 C = Spawn XP percentage of total XP
 D = Spawn monster count
 E = Non-spawn monster count
 F = Spawn count percentage of total count
 G = Total turns spent on level
                    A         B        C        D         E        F      G
               +---------+---------+-------+---------+---------+-------+---------
         Total |       0 |     161 |   0.0 |       0 |      52 |   0.0 |  1789
               +---------+---------+-------+---------+---------+-------+---------
           D:1 |       0 |      57 |   0.0 |       0 |      28 |   0.0 |  1341
           D:2 |       0 |     104 |   0.0 |       0 |      24 |   0.0 |   448
               +---------+---------+-------+---------+---------+-------+---------

Table legend:
 A = Turns spent in this place as a percentage of turns spent in the entire game.
 B = Non-inter-level travel turns spent in this place as a percentage of non-inter-level travel turns spent in the entire game.
 C = Inter-level travel turns spent in this place as a percentage of turns spent in this place.
 D = Turns resting spent in this place as a percentage of non-inter-level travel turns spent in this place.
 E = Turns spent auto-exploring this place as a percentage of non-inter-level travel turns spent in this place.
 F = Non-inter-level travel turns spent in this place divided by the number of levels of this place that you've seen.
                   A       B       C       D       E      F
               +-------+-------+-------+-------+-------+----------------------
         Total | 100.0 | 100.0 |   1.7 |  31.2 |  40.8 | 879.0
       Dungeon | 100.0 | 100.0 |   1.7 |  31.2 |  40.8 | 879.0
               +-------+-------+-------+-------+-------+----------------------

Vault maps used:
D:1:      eino_arrival_cavern_e
D:2:      chequers_temple_overflow_statue_of_worship, first_ration,
          serial_forest, infiniplex_forest_clump_curved,
          infiniplex_forest_lined_ring, infiniplex_forest_zigzag_1,
          infiniplex_forest_lined_corner, infiniplex_forest_straight_5,
          infiniplex_forest_clump_small, st_stairs_6, serial_bayou_pond_c,
          minmay_tall_x, uniq_crazy_yiuf_cottage, uniq_sigmund
